 Dungeon Crawl Stone Soup version 0.32-a0-306-gfed3edf829 (webtiles) character file.

Game seed: 5367330288898070179

26312 zeratav the Metamorph (level 13, -1/119 HPs)
             Began as an Octopode Shapeshifter on Feb 15, 2024.
             Was an Initiate of Gozag.
             Slain by a cane toad (16 damage)
             ... on level 4 of the Lair of Beasts.
             The game lasted 00:32:57 (16621 turns).

zeratav the Metamorph (Octopode Shapeshifter)      Turns: 16621, Time: 00:32:57

Health: -1/119     AC: 31    Str: 24    XL:     13   Next: 25%
Magic:  13/13      EV: 15    Int: 18    God:    Gozag
Gold:   528        SH:  0    Dex: 11    Spells: 12/12 levels left

rFire   + +          .
                       - Unarmed
rCold   . . .        (no shield)
rNeg    + . .        (helmet restricted)
rPois   ∞            I - amulet of regeneration
rElec   +            n - +6 ring of strength
rCorr   .            s - +4 ring of protection
SInv    .            y - ring "Duimawaz" {rF+ Will+ Int+5}
Will    +....        A - ring of poison resistance
Stlth   ++           E - ring of protection from fire
HPRegen 1.19/turn    (no ring)
MPRegen 0.13/turn    (no ring)
                     (no ring)

%: no passive effects
@: confused, statue-form, ambrosia-drunk, very slow
A: slow and powerful, torment resistance 1, boosted hp, almost no armour,
amphibious, 8 rings, camouflage 1, (gelatinous body 1), (nimble swimmer 1),
tentacles
a: Begin Untransformation, Renounce Religion, Potion Petition, Call Merchant,
Bribe Branch


You were on level 4 of the Lair of Beasts.
You worshipped Gozag.
Gozag was pleased with you.
You were a living statue of rough stone.
You visited 2 branches of the dungeon, and saw 15 of its levels.
You also visited: Sewer.

You collected 3434 gold pieces.
You spent 945 gold pieces at shops.
You paid 1961 gold pieces to Gozag.


Innate Abilities, Weirdness & Mutations

You are a living statue of rough stone.
Your actions are slow, but your melee attacks are powerful.
You are resistant to unholy torment.
Your maximum health is greatly increased.
You cannot wear most types of armour.
You are amphibious.
You can wear up to eight rings at the same time.
You are immune to poison.
Your skin changes colour to match your surroundings (Stealth+).
((Your rubbery body absorbs attacks. (AC +1, EV +1)))
((You are camouflaged when in or above water. (Stealth+)))
You have tentacles for arms and can constrict up to eight enemies at once.


   Skills:
 - Level 10.0 Fighting
 + Level 8.6 Dodging
 - Level 1.5 Stealth
 - Level 6.0 Unarmed Combat
 - Level 16.0 Shapeshifting


You had 12 spell levels left.
You didn't know any spells.
Your spell library contained the following spells:

 Spells                   Type           Power      Damage    Failure   Level
 Summon Small Mammal      Summ           0%         N/A       22%         1
 Ensorcelled Hibernation  Hex/Ice        0%         N/A       32%         2
 Static Discharge         Conj/Air       0%         3-3/arc   32%         2
 Call Canine Familiar     Summ           0%         N/A       54%         3
 Fugue of the Fallen      Necr           0%         N/A       54%         3
 Passwall                 Erth           0%         N/A       54%         3
 Swiftness                Air            0%         N/A       54%         3
 Airstrike                Air            0%         2d(0-16)  91%         4
 Anguish                  Hex/Necr       0%         N/A       91%         4
 Summon Blazeheart Golem  Fire/Summ      0%         N/A       91%         4
 Summon Lightning Spire   Summ/Air       0%         N/A       91%         4

Inventory:

Missiles
 w - 62 poisoned darts {throwing}
 x - 6 curare-tipped darts (quivered) {=fthrowing}
Jewellery
 n - a +6 ring of strength (left tentacle)
   (You found it on level 2 of the Dungeon)
 s - a +4 ring of protection (right tentacle)
   (You found it on level 3 of the Dungeon)
 y - the ring "Duimawaz" (on tentacle) {rF+ Will+ Int+5}
   (You bought it in a shop on level 4 of the Dungeon)

   [ring of protection from fire]

   Int+5:     It affects your intelligence (+5).
   rF+:       It protects you from fire.
   Will+:     It increases your willpower.
 A - a ring of poison resistance (on tentacle)
   (You found it on level 3 of the Dungeon)
 E - a ring of protection from fire (on tentacle)
   (You found it on level 2 of the Lair of Beasts)
 I - an amulet of regeneration (around mantle)
   (You found it on level 11 of the Dungeon)
Talismans
 b - a beast talisman
 c - a flux talisman
 l - a granite talisman (active)
   (You found it on level 2 of the Dungeon)
Wands
 v - a wand of charming (9)
   (You found it on level 3 of the Dungeon)
 B - a wand of roots (6)
   (You found it on level 5 of the Dungeon)
 J - a wand of light (4)
   (You found it on level 1 of the Lair of Beasts)
Scrolls
 g - a scroll of poison {!r}
 i - 2 scrolls of amnesia
 k - a scroll of enchant weapon
 m - 4 scrolls of teleportation {@r4}
 o - a scroll of fear {unknown}
 C - 6 scrolls of noise {!r}
 D - 3 scrolls of immolation {!r!r}
 F - a scroll of vulnerability {!r!r}
 K - 4 scrolls of identify {@r1}
Potions
 a - 3 potions of lignification {!q}
 d - 9 potions of curing {@q1}
 e - 2 potions of cancellation
 f - a potion of enlightenment
 h - 2 potions of attraction {!q}
 p - 5 potions of mutation {!q}
 q - 3 potions of might
 u - 3 potions of brilliance
 z - a potion of magic
 G - a potion of berserk rage {unknown}
 H - a potion of degeneration {unknown}

Dungeon Overview and Level Annotations

Branches:
Dungeon (11/15) Zot: 25693  Temple (0/1) D:7            Lair (4/5) D:9 Zot: 19967
  Swamp (0/4) Lair:2       Spider (0/4) Lair:3        Sewer (visited)
  Slime: Lair:4-5       Orc: D:9-12

Altars:
Gozag
Nemelex Xobeh
Qazlal
Ru
Uskayaw
Wu Jian
Yredelemnul

Shops:
D:2 :   D:4 =?=:   D:5 :   Lair:3 *!*

Annotations:
D:2 1 runed translucent door, Crazy Yiuf
D:4 exclusion: downstairs
D:6 exclusion: downstairs
D:8 1 exclusion
D:10 exclusions: centaur warrior, ugly thing and 2 more exclusions
D:11 exclusion: vault guard
Lair:1 exclusion: oklob plant

#.........#
#.........##### #
#.........P#.##
..#..............
.......<........
...........P###
#..........## #..
#.......F.$## #..Y
###....IY.$.# #..Y.
#........$## #.....
#..........######.lß..#
##.......##.ß.##.......
#.........Y..Y#.......
#P....[...ß.>..Y.ß.>.ß.
...............l........
..........##.ß..#.......
....... #..#.#...ß...


You could see an elephant and a cane toad.


Message History

You bludgeon the basilisk! You grab the basilisk.
Your squeeze misses the basilisk. You constrict the basilisk.
The komodo dragon barely misses you. The elephant tramples you.
* * * LOW HITPOINT WARNING * * *
You hold your ground!
The elephant barely misses you.
The basilisk bites you but does no damage.
The komodo dragon bites you!!
* * * LOW HITPOINT WARNING * * *
HP[-22]
You take 22 damage, and now have 36/119 hp.
You tentacle-slap the basilisk. You constrict the basilisk.
The elephant tramples you but does no damage.
The elephant trunk-slaps you.
* * * LOW HITPOINT WARNING * * *
The basilisk gazes at you. You resist with almost no effort.
The komodo dragon completely misses you.
HP[-2]
You take 2 damage, and now have 34/119 hp.
You tentacle-slap the basilisk. You constrict the basilisk.
You kill the basilisk!
The elephant barely misses you. The elephant closely misses you.
The komodo dragon is distracted by your dazzling golden aura.
The elephant tramples you but does no damage.
The elephant trunk-slaps you.
* * * LOW HITPOINT WARNING * * *
The cane toad stings you but does no damage.
The komodo dragon hisses angrily.
Training target 10.0 for Fighting reached!
Your Fighting skill increases to level 10!
HP[+1]
You tentacle-slap the komodo dragon but do no damage.
The komodo dragon is no longer distracted by gold.
You squeeze the komodo dragon. The komodo dragon misses you.
The cane toad closely misses you. The elephant barely misses you.
The elephant trunk-slaps you but does no damage.
The komodo dragon bites you.
* * * LOW HITPOINT WARNING * * *
HP[-2]
You take 2 damage, and now have 33/119 hp.
You closely miss the komodo dragon. You squeeze the komodo dragon!
The cane toad misses you. The elephant misses you. x2
The komodo dragon bites you but does no damage.
The cane toad misses you.
HP[+1]
You batter the komodo dragon!!
You squeeze the komodo dragon, but do no damage.
The elephant tramples you but does no damage.
The elephant misses you. The cane toad stings you!
* * * LOW HITPOINT WARNING * * *
The komodo dragon hisses menacingly.
The komodo dragon barely misses you. The elephant tramples you!
* * * LOW HITPOINT WARNING * * *
You hold your ground!
The elephant trunk-slaps you.
* * * LOW HITPOINT WARNING * * *
HP[-15]
You take 15 damage, and now have 19/119 hp.
You batter the komodo dragon!!
You kill the komodo dragon!
The cane toad completely misses you. The cane toad closely misses you.
The elephant tramples you.
* * * LOW HITPOINT WARNING * * *
You hold your ground!
The elephant trunk-slaps you but does no damage.
HP[-3]
You take 3 damage, and now have 16/119 hp.
You barely miss the cane toad. You grab the cane toad.
You constrict the cane toad, but do no damage.
The cane toad stings you!
* * * LOW HITPOINT WARNING * * *
The elephant closely misses you.
The elephant trunk-slaps you but does no damage.
The cane toad closely misses you.
HP[-13]
You take 13 damage, and now have 3/119 hp.
Blink to where?
Press: ? - help, Q - select action, (/) - cycle Dir - move target You lose your grip on the cane toad.
As you read the scroll of blinking {!r}, it crumbles to dust.
HP[+2]
You regained 2 hp, and now have 5/119 hp.
You are confused.
You feel invigorated. The elephant barely misses you.
The elephant completely misses you. The cane toad misses you.
HP[+8]
You regained 8 hp, and now have 13/119 hp.
Unknown command.
The cane toad stings you but does no damage.
The elephant barely misses you. x2; The cane toad closely misses you.
The elephant misses you.
The elephant trunk-slaps you but does no damage.
HP[+7]
You regained 7 hp, and now have 20/119 hp.
The cane toad stings you!
* * * LOW HITPOINT WARNING * * *
The elephant tramples you but does no damage.
The elephant trunk-slaps you but does no damage.
The cane toad stings you!
You die...
Your body crumbles into a pile of gold.

Skill      XL: |  1  2  3  4  5  6  7  8  9 10 11 12 13 |
---------------+----------------------------------------+-----
Stealth        | 1 |  1.5
Fighting       | 2 3 4 5 8 9 10 | 10.0
Shapeshifting  | 5 7 9 10 11 14 16 | 16.0
Dodging        | 5 6 7 8 |  8.6
Unarmed Combat | 6 |  6.0

Action                     |  1- 3 |  4- 6 |  7- 9 | 10-12 | 13-15 || total
---------------------------+-------+-------+-------+-------+-------++-------
  Melee: Unarmed           |    56 |    89 |   257 |   562 |    69 ||  1033
         Constrict         |    14 |    24 |    64 |    64 |     7 ||   173
         Tentacles         |     6 |    25 |    86 |   180 |    15 ||   312
         Punch             |       |     2 |     3 |     1 |     6 ||    12
  Throw: Dart              |       |       |     5 |     5 |       ||    10
 Invoke: Call Merchant     |       |       |       |       |     3 ||     3
  Evoke: Wand              |       |       |       |     2 |       ||     2
    Use: Scroll            |       |       |     8 |    17 |     2 ||    27
         Potion            |       |       |       |     5 |     1 ||     6
   Stab: Sleeping          |    13 |     6 |     8 |     2 |       ||    29
         Distracted        |     1 |       |       |     1 |     1 ||     3
 Armour: Skin              |    18 |    30 |    82 |   373 |   168 ||   671
  Dodge: Dodged            |    26 |    36 |   143 |   488 |   126 ||   819
   Form: Flux              |       |       |     2 |       |       ||     2
         Beast             |       |       |     1 |       |       ||     1
         Statue            |       |       |       |     1 |       ||     1

Levels and vault maps discovered:
D:1:      dpeg_arrival_fog, layout_basic, st_stairs_4, eino_curves_01
D:2:      layout_loops_ring, serial_shops, shop, grunt_decor_fettered,
          uniq_crazy_yiuf_cottage
D:3:      layout_basic, uniq_grinder, uniq_terence
D:4:      layout_rooms, minitemple, serial_shops, nicolae_inconvenience_store,
          nicolae_shop_tiny_real_fake_doors, shop,
          nicolae_shop_tiny_statue_garden
D:5:      layout_loops_cross, minmay_liquid_box, nicolae_shop_self_help
D:6:      layout_loops_corners, portal_sewer_entry_f, uniq_duvessa
D:7:      layout_basic, minmay_temple_entry_large_hall
D:8:      layout_basic, uniq_grum
D:9:      layout_basic, minmay_lair_entry_lava
D:10:     kennysheep_blocky_room, layout_long_grid,
          mainiacjoe_overflow_cross_hatched, hangedman_fish_farm
D:11:     layout_roguey, enter_trove_5
Lair:1:   layout_gridlike, minmay_lair_oklob_items, grunt_forest_large_clearings
Lair:2:   wad_woods_04, layout_regular_city, palyth_hydra_swamp_entry,
          uniq_nergalle
Lair:3:   layout_long_grid, dummy_spider_entry, chequers_serial_rivers_micro_d,
          uniq_nessos
Lair:4:   layout_small_grid, dpeg_slime_entry_enclosed, gammafunk_ghost_grave,
          grunt_megastairs_3

Notes
Turn   | Place    | Note
-------+----------+-------------------------------------------
     0 | D:1      | zeratav the Octopode Shapeshifter began the quest for the
                  | Orb.
     0 | D:1      | Reached XP level 1. HP: 13/13 MP: 1/1
     0 | D:1      | magus.rc [v1.9.6]
    53 | D:1      | Reached skill level 1 in Stealth
   115 | D:1      | Reached XP level 2. HP: 14/18 MP: 2/2
   294 | D:1      | Reached skill level 2 in Fighting
   454 | D:1      | Reached XP level 3. HP: 22/25 MP: 3/3
  1257 | D:2      | Reached skill level 3 in Fighting
  1482 | D:2      | Found a runed translucent door.
  1483 | D:2      | Noticed Crazy Yiuf
  1662 | D:2      | Found Yfergh's Book Emporium.
  1998 | D:3      | Reached XP level 4. HP: 31/31 MP: 4/4
  2110 | D:3      | Noticed Terence
  2121 | D:3      | Killed Terence
  2122 | D:3      | Reached skill level 4 in Fighting
  2291 | D:3      | Noticed Grinder
  2565 | D:4      | Reached XP level 5. HP: 38/38 MP: 5/5
  2586 | D:4      | Found Tiklagg's Jewellery Shoppe.
  2620 | D:4      | Found a basalt altar of Yredelemnul.
  2631 | D:4      | You fall into a shaft and drop 3 floors!
  2638 | D:7      | You pick up a book of Dreams and begin reading...
  2638 | D:7      | You add the spells Ensorcelled Hibernation, Fugue of the
                  | Fallen and Anguish to your library.
  2666 | D:6      | Noticed Duvessa
  2759 | D:6      | Found a glowing drain.
  2780 | Sewer    | Entered a sewer
  2806 | Sewer    | Reached skill level 5 in Fighting
  2825 | Sewer    | Noticed a kobold brigand
  2846 | Sewer    | Killed a kobold brigand
  2847 | Sewer    | Reached XP level 6. HP: 24/45 MP: 6/6
  3051 | Sewer    | Reached skill level 4 in Shapeshifting
  3165 | Sewer    | Reached skill level 5 in Shapeshifting
  3276 | Sewer    | Reached XP level 7. HP: 45/50 MP: 7/7
  3432 | Sewer    | Reached skill level 6 in Shapeshifting
  3538 | Sewer    | Reached skill level 7 in Shapeshifting
  3714 | Sewer    | Reached XP level 8. HP: 55/55 MP: 8/8
  3894 | D:5      | Entered Level 5 of the Dungeon
  3938 | D:4      | Identified the +0 plate armour of Resourcefulness {*Corrode
                  | Regen+ Str+5}
  3964 | D:4      | Found Jeotwikhej's Magic Scroll Boutique.
  3969 | D:4      | Bought a scroll of identify for 28 gold pieces
  3976 | D:4      | Identified a scroll of acquirement
  4007 | D:4      | Found Xyeduputh's Jewellery Shop.
  4094 | D:4      | Found an ornate altar of the Wu Jian Council.
  4094 | D:4      | Found a hide-covered altar of Uskayaw.
  4095 | D:4      | Found a sacrificial altar of Ru.
  4095 | D:4      | Found a stormy altar of Qazlal.
  4097 | D:4      | Found an opulent altar of Gozag.
  4128 | D:4      | You pick up a book of Callings and begin reading...
  4128 | D:4      | You add the spells Summon Small Mammal, Call Canine
                  | Familiar and Summon Blazeheart Golem to your library.
  4156 | D:4      | Became a worshipper of Gozag Ym Sagoz the Greedy
  4198 | D:4      | Found Gaxueria's Book Boutique.
  4548 | D:4      | Reached skill level 8 in Shapeshifting
  4638 | D:4      | Acquired 658 gold pieces
  4740 | D:4      | Bought the ring "Duimawaz" {rF+ Will+ Int+5} for 673 gold
                  | pieces
  4777 | D:3      | Killed Grinder
  4875 | D:5      | Reached skill level 9 in Shapeshifting
  5118 | D:5      | Found Ugixath's Self-Improvement Boutique.
  5125 | D:5      | Reached XP level 9. HP: 48/61 MP: 9/9
  5497 | D:5      | Reached skill level 10 in Shapeshifting
  5787 | D:6      | Reached skill level 3 in Dodging
  5936 | D:6      | Reached skill level 4 in Unarmed Combat
  6054 | D:6      | Reached skill level 4 in Dodging
  6550 | D:6      | Reached skill level 5 in Unarmed Combat
  6625 | D:6      | Noticed Dowan
  6821 | D:7      | Reached skill level 5 in Dodging
  7059 | D:7      | Reached skill level 6 in Unarmed Combat
  7064 | D:7      | Reached XP level 10. HP: 24/63 MP: 10/10
  7066 | D:7      | Reached skill level 6 in Dodging
  7201 | D:7      | Noticed a gargoyle
  7355 | D:7      | Found a staircase to the Ecumenical Temple.
  7750 | D:8      | Reached skill level 6 in Fighting
  7807 | D:8      | Noticed Grum
  7820 | D:8      | Killed Grum
  7985 | D:8      | Reached skill level 7 in Fighting
  7991 | D:8      | Reached skill level 11 in Shapeshifting
  8424 | D:8      | Noticed a two-headed ogre
  8726 | D:9      | You pick up a book of Dreams and begin reading...
  8785 | D:9      | Reached skill level 8 in Fighting
  8785 | D:9      | Reached XP level 11. HP: 25/77 MP: 11/11
  9122 | D:9      | Found a staircase to the Lair.
  9122 | D:9      | Noticed a fire crab
  9136 | D:9      | HP: 13/77 [fire crab] (10)]
  9143 | D:9      | Killed a fire crab
  9144 | D:9      | HP: 12/77 [something (12)]
  9377 | D:9      | Reached skill level 12 in Shapeshifting
 10260 | D:10     | Entered Level 10 of the Dungeon
 10275 | D:10     | Found a sparkling altar of Nemelex Xobeh.
 10328 | D:10     | Found the +4 robe of Folly {Brill Will-∞ Int+8}
 10373 | D:10     | Noticed a centaur warrior
 10382 | D:10     | Killed a centaur warrior
 10848 | D:10     | Noticed a purple ugly thing
 10871 | D:10     | Noticed a centaur warrior
 10931 | D:10     | Reached skill level 13 in Shapeshifting
 11597 | D:6      | Killed Dowan
 11602 | D:6      | Killed Duvessa
 11912 | D:11     | Noticed a boulder beetle
 11941 | D:11     | Killed a boulder beetle
 12265 | D:11     | Noticed a boulder beetle
 12282 | D:11     | Killed a boulder beetle
 12480 | D:11     | Reached skill level 14 in Shapeshifting
 12669 | D:11     | Noticed a vault guard
 12864 | D:11     | Noticed a two-headed ogre
 12939 | Lair:1   | Entered Level 1 of the Lair of Beasts
 13232 | Lair:1   | Reached XP level 12. HP: 82/82 MP: 12/12
 13700 | Lair:1   | You fall into a shaft and drop 1 floor!
 13810 | Lair:2   | Reached skill level 15 in Shapeshifting
 14750 | Lair:2   | Noticed Nergalle
 14761 | Lair:2   | Killed Nergalle
 15045 | Lair:2   | Reached skill level 16 in Shapeshifting
 15433 | Lair:2   | Found a staircase to the Swamp.
 15433 | Lair:2   | Noticed a five-headed hydra
 15440 | Lair:2   | Killed a five-headed hydra
 15615 | Lair:3   | Noticed a boulder beetle
 15632 | Lair:3   | Killed a boulder beetle
 15683 | Lair:3   | Reached skill level 7 in Dodging
 15706 | Lair:3   | Found a hole to the Spider Nest.
 15710 | Lair:3   | Noticed Nessos
 15737 | Lair:3   | Noticed a six-headed hydra
 15755 | Lair:3   | Killed a six-headed hydra
 15756 | Lair:3   | Reached skill level 9 in Fighting
 15846 | Lair:3   | HP: 23/110 [Nessos/arrow (8)]
 15851 | Lair:3   | HP: 26/110 [Nessos (6)]
 15858 | Lair:3   | HP: 26/110 [Nessos (1)]
 15869 | Lair:3   | Killed Nessos
 15870 | Lair:3   | Reached XP level 13. HP: 33/90 MP: 13/13
 16082 | Lair:3   | HP: 23/117 [eight-headed hydra (7)]
 16083 | Lair:3   | HP: 10/117 [eight-headed hydra (4)]
 16083 | Lair:3   | HP: 2/117 [eight-headed hydra (8)]
 16096 | Lair:3   | HP: 17/117 [eight-headed hydra (8)]
 16159 | Lair:3   | Reached skill level 8 in Dodging
 16406 | Lair:3   | You pick up a book of Storms and begin reading...
 16406 | Lair:3   | You add the spells Static Discharge, Airstrike and Summon
                  | Lightning Spire to your library.
 16420 | Lair:3   | You pick up a book of Burglary and begin reading...
 16420 | Lair:3   | You add the spells Swiftness and Passwall to your library.
 16505 | Lair:3   | Bought a potion of mutation for 96 gold pieces
 16505 | Lair:3   | Bought a potion of might for 48 gold pieces
 16507 | Lair:3   | Bought a potion of curing for 30 gold pieces
 16507 | Lair:3   | Bought a scroll of identify for 20 gold pieces
 16507 | Lair:3   | Bought a scroll of identify for 20 gold pieces
 16507 | Lair:3   | Bought a potion of attraction for 30 gold pieces
 16613 | Lair:4   | Reached skill level 10 in Fighting
 16615 | Lair:4   | HP: 27/119 [cane toad (9)]
 16617 | Lair:4   | HP: 3/119 [cane toad (15)]
 16621 | Lair:4   | Slain by a cane toad

Vanquished Creatures
  Nessos (Lair:3)
  3 hydras
  A centaur warrior (D:10)
  3 boulder beetles
  Nergalle (Lair:2)
  A fire crab (D:9)
  3 elephants (Lair:4)
  A black mamba (Lair:1)
  A gargoyle (D:7)
  4 cane toads
  A rime drake (Lair:3)
  5 komodo dragons
  A merfolk (D:10)
  2 trolls (D:11)
  A tyrant leech (Lair:2)
  5 blink frogs (Lair:2)
  Grinder (D:3)
  2 shadows
  6 wyverns
  29 yaks
  5 wraiths
  3 basilisks
  Grum (D:8)
  3 steam dragons
  A vampire mosquito (D:10)
  2 swamp worms (Lair:2)
  3 acid dragons
  Duvessa (D:6)
  2 orc warriors
  7 water moccasins
  3 black bears
  2 ice beasts
  A sky beast (D:7)
  18 wolves
  An ogre (D:5)
  2 phantoms
  5 centaurs
  13 kobold brigands
  4 bullfrogs
  A scorpion (D:6)
  9 wights
  Dowan (D:6)
  2 electric eels
  5 hounds
  A jelly (D:4)
  4 orc priests
  2 gnoll boudas
  A sleepcap (D:4)
  7 iguanas
  Terence (D:3)
  3 orc wizards
  7 gnolls
  3 river rats (Sewer)
  5 adders
  2 shadow imps
  2 white imps
  5 dart slugs
  4 ribbon worms
  19 orcs
  3 ball pythons
  4 bats
  8 endoplasms
  4 giant cockroaches
  6 hobgoblins
  4 jackals (D:2)
  16 kobolds
  6 quokkas
  2 frilled lizards
  3 goblins
  9 rats
298 creatures vanquished.

Table legend:
 A = Non-vault XP
 B = Vault XP
 C = Vault XP percentage of total XP
 D = Non-vault monster count
 E = Vault monster count
 F = Vault count percentage of total count
                 A         B        C        D         E       F
            +---------+---------+-------+---------+---------+-------
      Total |   27334 |   10255 |  27.3 |     232 |      66 |  22.1
            +---------+---------+-------+---------+---------+-------
        D:1 |      30 |       5 |  14.3 |      11 |       2 |  15.4
        D:2 |      43 |       0 |   0.0 |      15 |       0 |   0.0
        D:3 |      57 |     300 |  84.0 |      10 |       2 |  16.7
        D:4 |     333 |       0 |   0.0 |      17 |       0 |   0.0
        D:5 |     887 |       0 |   0.0 |      24 |       0 |   0.0
        D:6 |    1106 |     238 |  17.7 |      20 |       8 |  28.6
        D:7 |    1579 |       0 |   0.0 |      22 |       0 |   0.0
        D:8 |    2755 |     654 |  19.2 |      19 |       5 |  20.8
        D:9 |    2843 |     766 |  21.2 |      20 |       1 |   4.8
       D:10 |    1473 |    1041 |  41.4 |       4 |       5 |  55.6
       D:11 |    2756 |       0 |   0.0 |      14 |       0 |   0.0
     Lair:1 |    4203 |     211 |   4.8 |      22 |       1 |   4.3
     Lair:2 |    4014 |    2676 |  40.0 |      20 |       7 |  25.9
     Lair:3 |    5135 |    1048 |  16.9 |      13 |       1 |   7.1
     Lair:4 |     120 |    2137 |  94.7 |       1 |       6 |  85.7
      Sewer |       0 |    1179 | 100.0 |       0 |      28 | 100.0
            +---------+---------+-------+---------+---------+-------

Skill      XL: |  1  2  3  4  5  6  7  8  9 10 11 12 13 |
---------------+----------------------------------------+-----
Stealth        | 1 |  1.5
Fighting       | 2 3 4 5 8 9 10 | 10.0
Shapeshifting  | 5 7 9 10 11 14 16 | 16.0
Dodging        | 5 6 7 8 |  8.6
Unarmed Combat | 6 |  6.0

Action                     |  1- 3 |  4- 6 |  7- 9 | 10-12 | 13-15 || total
---------------------------+-------+-------+-------+-------+-------++-------
  Melee: Unarmed           |    56 |    89 |   257 |   562 |    69 ||  1033
         Constrict         |    14 |    24 |    64 |    64 |     7 ||   173
         Tentacles         |     6 |    25 |    86 |   180 |    15 ||   312
         Punch             |       |     2 |     3 |     1 |     6 ||    12
  Throw: Dart              |       |       |     5 |     5 |       ||    10
 Invoke: Call Merchant     |       |       |       |       |     3 ||     3
  Evoke: Wand              |       |       |       |     2 |       ||     2
    Use: Scroll            |       |       |     8 |    17 |     2 ||    27
         Potion            |       |       |       |     5 |     1 ||     6
   Stab: Sleeping          |    13 |     6 |     8 |     2 |       ||    29
         Distracted        |     1 |       |       |     1 |     1 ||     3
 Armour: Skin              |    18 |    30 |    82 |   373 |   168 ||   671
  Dodge: Dodged            |    26 |    36 |   143 |   488 |   126 ||   819
   Form: Flux              |       |       |     2 |       |       ||     2
         Beast             |       |       |     1 |       |       ||     1
         Statue            |       |       |       |     1 |       ||     1

Illustrated notes

Table legend:
 A = Kills in this place as a percentage of kills in the entire game.
 B = Kills by you in this place as a percentage of kills by you in the entire game.
 C = Kills by friends in this place as a percentage of kills by friends in the entire game.
 D = Other kills in this place as a percentage of other kills in the entire game.
 E = Experience gained in this place as a percentage of experience gained in the entire game.
 F = Experience gained in this place divided by the number of levels of this place that you have seen.
                   A       B       C       D       E      F
               +-------+-------+-------+-------+-------+----------------------
         Total | 100.0 | 100.0 |   N/A |   N/A | 100.0 | 2349.3
       Dungeon |  66.8 |  66.8 |   N/A |   N/A |  44.9 | 1533.3
          Lair |  23.8 |  23.8 |   N/A |   N/A |  52.0 | 4886.0
         Sewer |   9.4 |   9.4 |   N/A |   N/A |   3.1 | 1179.0
               +-------+-------+-------+-------+-------+----------------------

Table legend: (Time is in decaauts)
 A = Elapsed time spent in this place.
 B = Non-inter-level travel time spent in this place.
 C = Inter-level travel time spent in this place.
 D = Time resting spent in this place.
 E = Time spent auto-exploring this place.
 F = Levels seen in this place.
 G = Mean time per level.
                   A        B        C        D        E       F      G
               +--------+--------+--------+--------+--------+-----+--------+
         Total |  17195 |  15841 |   1354 |   1865 |  10990 |  16 | 1074.7 |
       Dungeon |  12082 |  10855 |   1227 |   1335 |   7789 |  11 | 1098.4 |
          Lair |   4031 |   3904 |    127 |    349 |   2572 |   4 | 1007.8 |
         Sewer |   1081 |   1081 |      0 |    181 |    629 |   1 | 1081.0 |
               +--------+--------+--------+--------+--------+-----+--------+

Top non-repeatable levels by time:
     D:9: 1891 daAuts
  Lair:2: 1545 daAuts
  Lair:3: 1329 daAuts
     D:7: 1242 daAuts
     D:8: 1235 daAuts
     D:6: 1200 daAuts
   Sewer: 1081 daAuts
  Lair:1: 1079 daAuts
     D:5: 1027 daAuts
    D:10: 990 daAuts
    D:11: 962 daAuts
     D:1: 941 daAuts
     D:4: 915 daAuts
     D:3: 848 daAuts
     D:2: 827 daAuts
